 Dungeon Crawl Stone Soup version 0.30.0-29-ga12c61a403 (webtiles) character file.

Game seed: 6623316325087851789

100 safid the Chiller (level 4, 0/34 HPs)
             Began as a Merfolk Ice Elementalist on June 16, 2023.
             Slain by an ogre
             ... wielding a +0 giant club
              (19 damage)
             ... on level 4 of the Dungeon.
             The game lasted 00:04:37 (2699 turns).

safid the Chiller (Merfolk Ice Elementalist)        Turns: 2699, Time: 00:04:38

Health: 0/34       AC:  4    Str:  8    XL:     4   Next: 74%
Magic:  5/8        EV: 12    Int: 16    God:
Gold:   189        SH:  0    Dex: 14    Spells: 5/9 levels left

rFire   . . .        q - +1 short sword (speed)
rCold   . . .        (no shield)
rNeg    . . .        a - +0 robe
rPois   .            e - +0 helmet
rElec   .            (no cloak)
rCorr   .            (no gloves)
SInv    .            n - +0 pair of boots
Will    .....        (no amulet)
Stlth   ++           (no ring)
HPRegen 0.25/turn    (no ring)
MPRegen 0.11/turn

%: no passive effects
@: freezing walls
A: (nimble swimmer 2), mertail
a: no special abilities


You were on level 4 of the Dungeon.
You visited 1 branch of the dungeon, and saw 4 of its levels.

You collected 189 gold pieces.

Inventory:

Hand Weapons
 q - a +1 short sword of speed (weapon)
Armour
 a - a +0 robe (worn)
 e - a +0 helmet (worn)
 n - a +0 pair of boots (worn)
Scrolls
 c - a scroll of silence {unknown}
 g - 3 scrolls of identify {unknown}
 i - a scroll of immolation {unknown}
 j - 2 scrolls of brand weapon {unknown}
 o - 2 scrolls of teleportation {unknown}
Potions
 b - 4 potions of magic
 d - 2 potions of brilliance
 f - a potion of lignification {unknown}
 h - a potion of curing {unknown}
 k - a potion of heal wounds {unknown}
 l - a potion of invisibility {unknown}
 m - 2 potions of might {unknown}
 p - a potion of degeneration {unknown}


   Skills:
 + Level 2.5 Fighting
 - Level 2.6 Dodging
 - Level 2.1 Stealth
 + Level 3.0 Spellcasting
 + Level 5.2 Ice Magic


You had 5 spell levels left.
You knew the following spells:

 Your Spells              Type           Power      Damage    Failure   Level
a - Freeze                Ice            76%        1d8       2%          1
b - Frozen Ramparts       Ice            38%        1d6       7%          3

Your spell library contained the following spells:

 Spells                   Type           Power      Damage    Failure   Level
 Ozocubu's Armour         Ice            19%        N/A       7%          3
 Ensorcelled Hibernation  Hex/Ice        20%        N/A       10%         2
 Beastly Appendage        Tmut           4%         N/A       19%         1
 Cigotuvi's Dreadful Rot  Necr/Pois/Air  4%         N/A       28%         2
 Passwall                 Tmut/Erth      1%         N/A       28%         2
 Sublimation of Blood     Necr           2%         N/A       28%         2
 Wereblood                Tmut           2%         N/A       28%         2
 Ignite Poison            Fire/Tmut/Pois 2%         N/A       50%         3
 Spider Form              Tmut/Pois      2%         N/A       50%         3
 Swiftness                Air            2%         N/A       50%         3
 Summon Ice Beast         Ice/Summ       10%        N/A       54%         4
 Petrify                  Tmut/Erth      2%         N/A       88%         4
 Freezing Cloud           Conj/Ice/Air   3%         6-21      95%         5
 Irradiate                Conj/Tmut      1%         3d12      99%         5


Dungeon Overview and Level Annotations

Branches:
Dungeon (4/15)
 Temple: D:4-7

Altars:
Makhleb

Shops:
D:2 [

Annotations:
D:3 Sigmund


Innate Abilities, Weirdness & Mutations

((You are very nimble when in or above water. (Stealth+, EV+, Speed+++)))
Your lower body shifts to a powerful aquatic tail in water.


Message History

You kill the ball python!
No target in view!
Found a leather armour.
No target in view!
No target in view!
A quokka comes into view.
You see here a ball python corpse.
A quokka is nearby!
Found a stone staircase leading down.
The quokka closely misses you.
You hit the quokka.
The quokka is severely wounded.
You hit the quokka.
You kill the quokka!
No target in view!
An ogre and an adder come into view.
Found 9 gold pieces.
The adder hisses angrily.
Casting: Freeze (safe; 2% risk of failure)
Confirm with . or Enter, or press ? or * to list all spells.
Casting: Frozen Ramparts (dangerous; 7% risk of failure)
Press: ? - help, Dir - look around, f - activate The walls around you are covered in ice.
The wall freezes the ogre!
The ogre hits you with a +0 giant club!
The wall freezes the adder.
Unknown command.
Casting: Frozen Ramparts (dangerous; 7% risk of failure)
Confirm with . or Enter, or press ? or * to list all spells.
You don't know that spell.
Unknown command.
You hit the ogre.
The ogre is heavily wounded.
The wall freezes the adder.
The adder seems to slow down.
The wall freezes the adder.
You hit the ogre.
The ogre is severely wounded.
The wall freezes the ogre.
The ogre hits you with a +0 giant club!!
Ouch! That really hurt!
You die...

#..#.#.#...#.#####
#..#.#.###<.......
#......#####.####.
####............#
#...>.............
#.....#.#######..#
#.....#.# .
#######.# #@#
#.OS.....
####...$# .... ###


You could see an ogre and an adder (slow).

Vanquished Creatures
  Jessica (D:3)
  An adder (D:2)
  A worm (D:2)
  A dart slug (D:2)
  5 bats
  4 endoplasms
  A giant cockroach (D:1)
  6 goblins
  7 hobgoblins
  7 jackals
  3 quokkas
  3 ball pythons
  4 frilled lizards
  5 kobolds
  8 rats
57 creatures vanquished.

Notes
Turn   | Place    | Note
-------+----------+-------------------------------------------
     0 | D:1      | safid the Merfolk Ice Elementalist began the quest for the
                  | Orb.
     0 | D:1      | Reached XP level 1. HP: 13/13 MP: 3/3
   171 | D:1      | Reached XP level 2. HP: 20/20 MP: 3/5
   233 | D:1      | Reached skill level 1 in Fighting
   694 | D:1      | Reached XP level 3. HP: 25/26 MP: 3/6
   715 | D:1      | Learned a level 3 spell: Frozen Ramparts
  1395 | D:2      | Found Moynapp's Antique Armour Shop.
  1716 | D:2      | Reached skill level 5 in Ice Magic
  1817 | D:2      | Reached XP level 4. HP: 32/33 MP: 8/8
  1842 | D:2      | You fall into a shaft and drop 1 floor!
  2223 | D:3      | Found a burning altar of Makhleb.
  2307 | D:3      | Noticed Sigmund
  2446 | D:3      | Noticed Jessica
  2461 | D:3      | Killed Jessica
  2696 | D:4      | Noticed an ogre
  2699 | D:4      | Slain by an ogre

Illustrated notes

Levels and vault maps discovered:
D:1:      spicycebolla_arrival_clurvy, layout_basic
D:2:      minmay_chambers_of_twos, layout_loops_cross, serial_shops, shop
D:3:      layout_basic, mainiacjoe_overflow_boulevard, kennysheep_potato,
          uniq_sigmund, uniq_jessica
D:4:      layout_basic, serial_shops, nicolae_shop_tiny_statue_garden

Skill      XL: |  1  2  3  4 |
---------------+-------------+-----
Fighting       | 1 2 |  2.5
Ice Magic      | 5 |  5.2
Spellcasting   | 3 |  3.0
Dodging        | |  2.6
Stealth        | |  2.1

Action                     |  1- 3 |  4- 6 || total
---------------------------+-------+-------++-------
  Melee: Unarmed           |    14 |       ||    14
         Short sword       |    66 |    31 ||    97
         Punch             |     1 |       ||     1
   Cast: Freeze            |    40 |     2 ||    42
         Frozen Ramparts   |       |     1 ||     1
   Stab: Sleeping          |     4 |     1 ||     5
 Armour: Robe              |    34 |     2 ||    36
  Dodge: Dodged            |    81 |    12 ||    93
